 Dungeon Crawl Stone Soup version 0.24-a0-417-g1cce26a4d2 (webtiles) character file.

Game seed: 4398393193551045871

481 mortelune the Covered (level 6, -7/55 HPs)
             Began as a Deep Dwarf Fighter on June 10, 2019.
             Killed from afar by an orc wizard (10 damage)
             ... with a puff of frost
             ... on level 4 of the Dungeon.
             The game lasted 00:11:48 (2925 turns).

mortelune the Covered (Deep Dwarf Fighter)          Turns: 2925, Time: 00:11:49

Health: -7/55      AC: 11    Str: 21    XL:     6   Next: 87%
Magic:  6/6        EV:  7    Int:  9    God:
Gold:   99         SH: 10    Dex: 12    Spells: 5/5 levels left

rFire    + . .     SeeInvis .   b - +0 war axe
rCold    . . .     Gourm    .   c - +0 shield
rNeg     . . .     Faith    .   d - +0 scale mail
rPois    .         Spirit   .   y - +0 helmet
rElec    .         Reflect  .   v - +0 cloak
rCorr    .         Harm     .   (no gloves)
MR       .....                  x - +0 pair of boots
Stlth    ..........             m - amulet of the acrobat
HPRegen  0.00/turn              i - ring of protection from fire
MPRegen  0.10/turn              (no ring)

@: lethally poisoned (-7 -> -52), non-regenerating
A: damage resistance, heal wounds, sense surroundings 1, no regeneration
a: Heal Wounds


You were on level 4 of the Dungeon.
You were not hungry.

You visited 1 branch of the dungeon, and saw 4 of its levels.
You also visited: Sewer.

You collected 99 gold pieces.

Inventory:

Hand Weapons
 a - a +0 hand crossbow
 b - a +0 war axe (weapon)
 g - a +0 hand crossbow
Missiles
 B - 19 sling bullets (quivered)
 C - 20 bolts
Armour
 c - a +0 shield (worn)
 d - a +0 scale mail (worn)
 j - a +0 ring mail
 o - a scarf of repulsion
 v - a +0 cloak (worn)
 x - a +0 pair of boots (worn)
 y - a +0 helmet (worn)
Jewellery
 i - a ring of protection from fire (left hand)
 m - an amulet of the acrobat (around neck)
Wands
 z - a wand of random effects (13)
 A - a wand of paralysis (6)
Scrolls
 p - 3 scrolls of remove curse
 q - a scroll of fear
 r - 2 scrolls of teleportation
 u - a scroll of amnesia
Potions
 e - a potion of haste {unknown}
 h - a potion of cancellation {unknown}
 k - 3 potions of mutation {unknown}
 l - a potion of heal wounds {unknown}
 n - a potion of lignification {unknown}
 s - a potion of experience {unknown}
 t - a potion of invisibility {unknown}
 w - 2 potions of curing {unknown}
Comestibles
 f - 4 rations


   Skills:
 - Level 2.6 Fighting
 * Level 5.4 Axes
 * Level 6.0 Armour
 + Level 4.7 Shields


You had 5 spell levels left.
You didn't know any spells.
Your spell library was empty.

Dungeon Overview and Level Annotations

Branches:
Dungeon (4/15)
 Temple: D:4-7

Altars:
Qazlal
The Shining One


Innate Abilities, Weirdness & Mutations

You are resistant to damage.
You can heal yourself by infusing magical energy.
You passively map a small area around you.
You do not regenerate.


Message History

Something hits you but does no damage.
You are more poisoned.
Something hits you but does no damage.
You are more poisoned.
Something hits you but does no damage.
You are more poisoned.
You hit something but do no damage.
* * * LOW HITPOINT WARNING * * *
You feel very sick. Something completely misses you.
All of the chunks of flesh in your inventory have rotted away.
You closely miss something.
* * * LOW HITPOINT WARNING * * *
You feel very sick. Something hits you but does no damage.
You are more poisoned.
You hear some strange, mumbled words.
A puff of frost appears from out of thin air!
The puff of frost hits you!
You die...

####..##.#........#
#####..##.#........# ,
...................# *
######.##.#........# ,
..........######.#.###.#
,,
######.##.#####<...o(..#
, #* *#.##......#)# ** ,
..,.##.##.####.#{# **
............#.<#@#
....###.#.#.#..#.# *
....# #...#.#..#.# ,
....# ##..#.#..#.# * ,
**#..#......#, * ,
...######## * ..... *
....* , , ,,


There were no monsters in sight!

Vanquished Creatures
  Purgy (Sewer)
  An ogre (D:4)
  Crazy Yiuf (D:2)
  Jessica (D:2)
  An orc wizard (D:3)
  Natasha (twice) (D:2)
  3 gnolls (D:3)
  3 adders
  An ooze (D:1)
  3 worms
  3 dart slugs
  2 leopard geckos
  4 orcs
  11 giant cockroaches
  8 goblins
  7 hobgoblins
  9 jackals
  11 kobolds
  3 ball pythons
  4 bats
  5 frilled lizards
  12 rats
96 creatures vanquished.

Vanquished Creatures (others)
  An orc wizard (D:4)
1 creature vanquished.

Grand Total: 97 creatures vanquished

Notes
Turn   | Place    | Note
-------+----------+-------------------------------------------
     0 | D:1      | mortelune the Deep Dwarf Fighter began the quest for the
                  | Orb.
     0 | D:1      | Reached XP level 1. HP: 20/20 MP: 1/1
    62 | D:1      | Reached XP level 2. HP: 27/27 MP: 2/2
   292 | D:1      | Reached XP level 3. HP: 28/33 MP: 3/3
   538 | D:1      | Reached skill level 4 in Armour
   768 | D:2      | Noticed Jessica
   772 | D:2      | Found a stormy altar of Qazlal.
   777 | D:2      | Killed Jessica
   777 | D:2      | Reached XP level 4. HP: 30/40 MP: 4/4
  1030 | D:2      | Found a glowing golden altar of the Shining One.
  1053 | D:2      | Found a runed translucent door.
  1054 | D:2      | Noticed Crazy Yiuf
  1110 | D:2      | Noticed Natasha
  1123 | D:2      | Killed Natasha
  1480 | D:2      | Reached XP level 5. HP: 37/46 MP: 5/5
  1516 | D:2      | Noticed Natasha
  1522 | D:2      | Killed Natasha
  1551 | D:2      | Killed Crazy Yiuf
  1551 | D:2      | Reached skill level 5 in Armour
  2229 | D:3      | Reached XP level 6. HP: 9/55 MP: 6/6
  2668 | D:4      | Reached skill level 5 in Axes
  2716 | D:4      | Found a glowing drain.
  2721 | Sewer    | Entered a sewer
  2779 | Sewer    | Noticed Purgy
  2786 | Sewer    | Killed Purgy
  2911 | D:4      | Reached skill level 6 in Armour
  2925 | D:4      | Killed from afar by an orc wizard

Levels and vault maps discovered:
D:1:      dpeg_arrival_long_road, layout_rooms, st_stairs_12
D:2:      layout_basic, chequers_temple_overflow_statue_of_worship,
          first_ration, chequers_serial_rivers_small_3, uniq_natasha,
          uniq_crazy_yiuf_cottage, uniq_jessica
D:3:      layout_loops_corners
D:4:      layout_basic, bloody_trog, gup_sewer_entry_bowl, serial_shops,
          nicolae_shop_behind_doors, lemuel_flame_loot_1, uniq_blork_the_orc

Skill      XL: |  1  2  3  4  5  6 |
---------------+-------------------+-----
Axes           | 3 4 5 |  5.4
Armour         | 4 5 6 |  6.0
Shields        | 4 |  4.7
Fighting       | |  2.6

Action                   |  1- 3 |  4- 6 || total
-------------------------+-------+-------++-------
Melee: War axe           |    68 |   195 ||   263
 Fire: Hand crossbow     |       |     6 ||     6
 Abil: Heal Wounds       |       |     3 ||     3
  Use: Scroll            |       |     4 ||     4
       Potion            |       |     1 ||     1
  Eat: Chunk             |       |     7 ||     7
Armor: Scale mail        |    26 |    81 ||   107
       Ring mail         |     2 |       ||     2
Dodge: Dodged            |    21 |    54 ||    75
       Deflected         |       |     1 ||     1
Block: Shield            |    33 |   110 ||   143

Table legend:
 A = Non-vault XP
 B = Vault XP
 C = Vault XP percentage of total XP
 D = Non-vault monster count
 E = Vault monster count
 F = Vault count percentage of total count
                 A         B        C        D         E       F
            +---------+---------+-------+---------+---------+-------
      Total |     430 |     258 |  37.5 |      83 |      13 |  13.5
            +---------+---------+-------+---------+---------+-------
        D:1 |      57 |       2 |   3.4 |      29 |       1 |   3.3
        D:2 |     103 |     114 |  52.5 |      21 |       3 |  12.5
        D:3 |     140 |       0 |   0.0 |      28 |       0 |   0.0
        D:4 |     130 |       4 |   3.0 |       5 |       3 |  37.5
      Sewer |       0 |     138 | 100.0 |       0 |       6 | 100.0
            +---------+---------+-------+---------+---------+-------
